 Dungeon Crawl Stone Soup version 0.31-a0-983-g7b6862f502 (webtiles) character file.

Game seed: 12175050826386491193

28 StormySan the Trooper (level 3, -2/29 HPs)
             Began as a Demonspawn Berserker on Nov 2, 2023.
             Was a Follower of Trog.
             Slain by a gnoll
             ... wielding a +0 spear
              (4 damage)
             ... on level 2 of the Dungeon.
             The game lasted 00:02:04 (802 turns).

StormySan the Trooper (Demonspawn Berserker)         Turns: 802, Time: 00:02:05

Health: -2/29      AC:  5    Str: 19    XL:     3   Next: 0%
Magic:  3/3        EV: 11    Int:  8    God:    Trog [*.....]
Gold:   66         SH:  0    Dex: 12    Spells: 2/2 levels left

rFire   . . .        a - +0 hand axe
rCold   . . .        (no shield)
rNeg    . . .        j - +0 ring mail
rPois   .            (helmet restricted)
rElec   .            (no cloak)
rCorr   .            (no gloves)
SInv    .            (no boots)
Will    .....        c - amulet of magic regeneration
Stlth   +            (no ring)
HPRegen 0.24/turn    (no ring)
MPRegen 0.48/turn

%: no passive effects
@: no status effects
A: horns 1
a: Renounce Religion, Berserk


You were on level 2 of the Dungeon.
You worshipped Trog.
Trog was aware of your devotion.
You visited 1 branch of the dungeon, and saw 2 of its levels.

You collected 66 gold pieces.

Inventory:

Hand Weapons
 a - a +0 hand axe (weapon)
Armour
 j - a +0 ring mail (worn)
Jewellery
 c - an amulet of magic regeneration (around neck)
Scrolls
 e - 3 scrolls of fear {unknown}
 g - a scroll of enchant armour {unknown}
Potions
 b - a potion of attraction {unknown}
 d - 2 potions of brilliance {unknown}
 f - a potion of magic {unknown}
 h - a potion of enlightenment {unknown}
 i - a potion of mutation {unknown}


   Skills:
 + Level 3.5 Fighting
 + Level 3.2 Axes
 + Level 1.9 Armour
 + Level 1.9 Dodging


You had 2 spell levels left.
You didn't know any spells.
Your spell library was empty.

Dungeon Overview and Level Annotations

Branches:
Dungeon (2/15)

Altars:

Shops:
D:2 [


Innate Abilities, Weirdness & Mutations

You have a pair of small horns on your head.


Message History

A gnoll comes into view. It is wielding a +0 flail.
There is a large open door here.
The gnoll shouts!
The gnoll barely misses you.
You closely miss the giant cockroach. The giant cockroach barely misses you.
The gnoll hits you but does no damage.
You slash the giant cockroach!
You kill the giant cockroach!
Trog accepts your kill. The gnoll hits you but does no damage.
The gnoll hits you from afar with a +0 spear.
The gnoll hits you with a +0 spear. The ball python completely misses you.
The ball python grabs you. The ball python constricts you.
There is a large open door here.
You hit the ball python. You headbutt the ball python.
You kill the ball python!
Trog accepts your kill.
You hit the gnoll but do no damage.
You have reached level 3!
Your experience leads to an increase in your attributes!
Increase (S)trength, (I)ntelligence, or (D)exterity?
You feel stronger. x2
You hit the gnoll but do no damage. Your headbutt misses the gnoll.
You barely miss the gnoll. The gnoll hits you with a +0 spear.
The gnoll misses you.
You hit the gnoll.
The gnoll is lightly wounded.
You hit the gnoll but do no damage. The gnoll closely misses you.
You completely miss the gnoll.
The gnoll is lightly wounded.
You hit the gnoll.
The gnoll hits you but does no damage. x2
You barely miss the gnoll.
The gnoll is lightly wounded.
You hit the gnoll. The gnoll hits you with a +0 spear.
The gnoll hits you with a +0 flail!
* * * LOW HITPOINT WARNING * * *
The gnoll barely misses you. The gnoll hits you with a +0 spear.
* * * LOW HITPOINT WARNING * * *
The gnoll hits you from afar with a +0 spear.
You die...

. #####.. .......
##+###### ....?..
#.......##†......
#.......@'g......
#....∩..##g......
#####.......##gg....#
#.....>.............#
#...................#
##...................#
#........##...........
#........##....##^....
#.........#....#


You could see 3 gnolls.

Vanquished Creatures
  A worm (D:2)
  A dart slug (D:1)
  3 endoplasms
  A giant cockroach (D:2)
  2 hobgoblins (D:1)
  A kobold (D:2)
  2 ball pythons
  3 bats (D:1)
  2 frilled lizards
  3 goblins (D:1)
  3 rats (D:1)
22 creatures vanquished.

Notes
Turn   | Place    | Note
-------+----------+-------------------------------------------
     0 | D:1      | StormySan the Demonspawn Berserker began the quest for the
                  | Orb.
     0 | D:1      | Reached XP level 1. HP: 18/18 MP: 1/1
   167 | D:1      | Gained mutation: You have a pair of small horns on your
                  | head. [demonic ancestry]
   167 | D:1      | Reached XP level 2. HP: 24/24 MP: 2/2
   775 | D:2      | Found Ocluj's Armour Emporium.
   798 | D:2      | Reached XP level 3. HP: 20/29 MP: 3/3
   802 | D:2      | Slain by a gnoll

Illustrated notes

Levels and vault maps discovered:
D:1:      tarquinn_simple_flora_water_b, layout_basic, minmay_misc_feat_doors
D:2:      layout_basic, serial_shops, shop, kennysheep_decorative_pillar,
          chequers_jeans, minmay_fractal_squares_gapless_5, uniq_robin

Skill      XL: |  1  2 |
---------------+-------+-----
Axes           | 3 |  3.2
Fighting       | |  3.5
Armour         | |  1.9
Dodging        | |  1.9

Action                     || total
---------------------------++-------
  Melee: Hand axe          ||    47
         Punch             ||     2
         Headbutt          ||     6
   Stab: Sleeping          ||     1
 Armour: Animal skin       ||    10
         Ring mail         ||    12
  Dodge: Dodged            ||    32

Table legend: (Time is in decaauts)
 A = Elapsed time spent in this place.
 B = Non-inter-level travel time spent in this place.
 C = Inter-level travel time spent in this place.
 D = Time resting spent in this place.
 E = Time spent auto-exploring this place.
 F = Levels seen in this place.
 G = Mean time per level.
                   A        B        C        D        E       F      G
               +--------+--------+--------+--------+--------+-----+--------+
         Total |    809 |    793 |     16 |      0 |    634 |   2 |  404.5 |
       Dungeon |    809 |    793 |     16 |      0 |    634 |   2 |  404.5 |
               +--------+--------+--------+--------+--------+-----+--------+

Top non-repeatable levels by time:
     D:1: 687 daAuts
     D:2: 121 daAuts
